 Dungeon Crawl Stone Soup version 0.32-a0-995-gb4a59205af (console) character file.

Game seed: 1326526252291325884

36 petzl the Sneak (level 3, -1/29 HPs)
             Began as a Formicid Delver on Apr 22, 2024.
             Slain by an iguana (10 damage)
             ... on level 4 of the Dungeon.
             The game lasted 00:02:49 (595 turns).

petzl the Sneak (Formicid Delver)                    Turns: 595, Time: 00:02:49

Health: -1/29      AC:  3    Str: 16    XL:     3   Next: 57%
Magic:  7/7        EV: 11    Int: 11    God:
Gold:   11         SH:  0    Dex: 15    Spells: 7/7 levels left

rFire   . . .        a - +0 mace
rCold   . . .        (no shield)
rNeg    . . .        b - +0 leather armour
rPois   .            (helmet unavailable)
rElec   .            (no cloak)
rCorr   .            (no gloves)
SInv    +            (no boots)
Will    .....        (no amulet)
Stlth   +++          (no ring)
HPRegen 0.24/turn    (no ring)
MPRegen 0.10/turn

%: no passive effects
@: no status effects
A: permanent stasis, dig shafts and tunnels, antennae 3, four strong arms
a: Dig, Shaft Self


You were on level 4 of the Dungeon.
You visited 1 branch of the dungeon, and saw 3 of its levels.

You collected 11 gold pieces.

Inventory:

Hand Weapons
 a - a +0 mace (weapon)
 k - a +0 flail
Armour
 b - a +0 leather armour (worn)
Wands
 f - a wand of digging (3)
Scrolls
 c - a scroll of fog
 d - 2 scrolls of revelation
 e - a scroll of fear
 h - a scroll of identify {unknown}
 l - a scroll of poison {unknown}
Potions
 g - a potion of heal wounds {unknown}
 i - a potion of curing {unknown}
 j - a potion of enlightenment {unknown}


   Skills:
 - Level 3.2 Fighting
 - Level 2.0 Maces & Flails
 - Level 1.7 Dodging
 - Level 6.0 Stealth
 + Level 2.9 Spellcasting


You had 7 spell levels left.
You didn't know any spells.
Your spell library was empty.

Dungeon Overview and Level Annotations

Branches:
Dungeon (6/15)
 Temple: D:4-7

Altars:

Annotations:
D:4 exclusions: phantom, scorpion and sensed monster (detected)


Innate Abilities, Weirdness & Mutations

You cannot be hasted, slowed, berserked, paralysed or teleported.
You can dig through walls and to a lower floor.
You have a pair of large antennae on your head. (SInv)
Your four strong arms can wield two-handed weapons with a shield.


Message History

You closely miss the adder.
The adder is lightly wounded.
The adder bites you. x2
You hit the adder.
The adder is moderately wounded.
The adder barely misses you. The adder bites you but does no damage.
You hit the adder.
The adder is heavily wounded.
The adder closely misses you.
You miss the adder.
The adder is heavily wounded.
The adder barely misses you.
The iguana hisses menacingly.
The adder barely misses you.
You miss the adder.
The adder is heavily wounded.
The adder barely misses you. The adder bites you but does no damage.
You hit the adder.
The adder is almost dead.
The adder bites you.
You are poisoned.
The adder poisons you!
You closely miss the adder.
The adder is almost dead.
You feel sick. The adder misses you. The adder bites you.
You hit the adder.
The adder is almost dead.
You feel sick. The adder bites you. The adder bites you but does no damage.
You thump the adder!
You kill the adder!
You feel sick.
You sock the iguana!
The iguana is heavily wounded.
You feel sick.
You are no longer poisoned.
The iguana bites you.
You hit the iguana but do no damage.
The iguana is heavily wounded.
The iguana misses you. The iguana bites you!
You die...

#.# #.# #.# ####.### #......#########
##.##............ #.......#########
##### ######### #.......# # ..>.#
#.......######.......# # ###[#
#.###................# # #.# #.#
#.#.######.###.#.# # ###.# #.###.#.##
#.# #.#.# # ....# #...)....# #.#
#.#.# # ###.# #........# #.. ....# #
....# ##.##.##.# ####...## # >##.#
#.#...#.# #..... ### ..#.# #.##.##.##
#...... ##.#
....#####.##.#...####.....S...####...
..................@l'.........+......
...######.#.......###........> ##...
..## #.#...#.#.# #....... ##.# .##
#.#...###.# #..... #.# .# #.###.# #.#
#...# #.# .##### #.###.###.#
#+####### #.# .....# #.........#
#.#.....# #.. ####.#
#####.###########.#.....# ### { #.#
#.###........%......# # #.#
#.....######........# # #.# #######
#.........# # s.# ##...##.####### ###
##.###........ ### #########


You could see an iguana.

Vanquished Creatures
  A gnoll (D:5)
  2 adders
  A dart slug (D:4)
  An orc (D:4)
  An endoplasm (D:4)
  A quokka (D:4)
  A ball python (D:4)
8 creatures vanquished.

Notes
Turn   | Place    | Note
-------+----------+-------------------------------------------
     0 | D:5      | petzl the Formicid Delver began the quest for the Orb.
     0 | D:5      | Reached XP level 1. HP: 18/18 MP: 1/1
    16 | D:6      | Reached skill level 1 in Spellcasting
    16 | D:6      | Reached XP level 2. HP: 22/24 MP: 1/4
    60 | D:6      | Noticed a gnoll sergeant
   233 | D:4      | Reached XP level 3. HP: 26/29 MP: 6/6
   313 | D:4      | Noticed a phantom
   540 | D:4      | Noticed a scorpion
   595 | D:4      | Slain by an iguana

Illustrated notes

Levels and vault maps discovered:
D:4:      layout_loops_corners, amcnicky_altar_gilded, temple_hall
D:5:      layout_rooms
D:6:      layout_cave_pools, gammafunk_temple_overflow_claw,
          lemuel_crystal_altar, serial_gnoll_camp, gnoll_camp_mini_shop,
          gnoll_camp_mini_doghouse, gnoll_camp_medium_02, gnoll_camp_medium_01

Skill      XL: |  1  2 |
---------------+-------+-----
Spellcasting   | 1 2 |  2.9
Fighting       | |  3.2
Maces & Flails | |  2.0
Dodging        | |  1.7
Stealth        | |  6.0

Action                     || total
---------------------------++-------
  Melee: Mace              ||    34
 Armour: Leather armour    ||    29
  Dodge: Dodged            ||    25

Table legend: (Time is in decaauts)
 A = Elapsed time spent in this place.
 B = Non-inter-level travel time spent in this place.
 C = Inter-level travel time spent in this place.
 D = Time resting spent in this place.
 E = Time spent auto-exploring this place.
 F = Levels seen in this place.
 G = Mean time per level.
                   A        B        C        D        E       F      G
               +--------+--------+--------+--------+--------+-----+--------+
         Total |    605 |    605 |      0 |    184 |    102 |   3 |  201.7 |
       Dungeon |    605 |    605 |      0 |    184 |    102 |   3 |  201.7 |
               +--------+--------+--------+--------+--------+-----+--------+

Top non-repeatable levels by time:
     D:4: 379 daAuts
     D:5: 171 daAuts
     D:6: 53 daAuts
